 Dungeon Crawl Stone Soup version 0.29-a0-872-g797fff5ad1 (webtiles) character file.

Game seed: 3812024751873887611

7714 mcwallace the Frost Mage (level 11, -2/84 HPs)
             Began as a Gnoll Ice Elementalist on July 18, 2022.
             Was a Follower of Ashenzari.
             Slain by a cyan ugly thing (15 damage)
             ... on level 10 of the Dungeon.
             The game lasted 00:25:51 (13895 turns).

mcwallace the Frost Mage (Gnoll Ice Elementalist)  Turns: 13895, Time: 00:25:52

Health: -2/84      AC: 10    Str:  8    XL:     11   Next: 19%
Magic:  15/24      EV: 13    Int: 18    God:    Ashenzari [*.....]
Gold:   1649       SH: 10    Dex: 13    Spells: 19/28 levels left

rFire   + . .      SeeInvis +   M - +0 trident (venom) {polearm}
rCold   + . .      Faith    .   q - +0 kite shield
rNeg    . . .      Spirit   .   Y - +1 robe {rC+ rF+}
rPois   .          Reflect  .   Z - +0 helmet
rElec   .          Harm     .   X - scarf {+Inv}
rCorr   .          Rampage  .   L - +2 pair of gloves of the Gnostic Sorrow {Elem, Melee} (curse)
Will    +....                   J - +1 pair of boots
Stlth   ++++......              l - amulet of the acrobat
HPRegen 0.24/turn               f - ring of Ashenzari's Doubts {SInv, Alch, Self} (curse)
MPRegen 0.19/turn               S - ring of willpower

@: freezing walls
A: fangs 1, strong nose, distributed training
a: Renounce Religion, Evoke Invisibility, Curse Item, Shatter the Chains


You were on level 10 of the Dungeon.
You worshipped Ashenzari.
Ashenzari was aware of your devotion.
You visited 1 branch of the dungeon, and saw 10 of its levels.
You also visited: Sewer.

You collected 1649 gold pieces.


Innate Abilities, Weirdness & Mutations

You have very sharp teeth.
Your uncanny sense of smell can sniff out nearby items.
Your experience applies equally to all skills.


   Skills:
 + Level 6.3(7.1) Fighting
 + Level 6.3(7.1) Short Blades
 + Level 6.3(7.1) Long Blades
 + Level 6.3(7.1) Axes
 + Level 6.3(7.1) Maces & Flails
 + Level 6.3(7.1) Polearms
 + Level 6.3(7.1) Staves
 + Level 6.3 Ranged Weapons
 + Level 6.3 Throwing
 + Level 6.3 Armour
 + Level 7.9 Dodging
 + Level 7.6 Stealth
 + Level 6.3 Shields
 + Level 6.3(7.1) Unarmed Combat
 + Level 8.1(9.0) Spellcasting
 + Level 5.2 Conjurations
 + Level 5.2 Hexes
 + Level 5.2 Summonings
 + Level 5.2 Necromancy
 + Level 5.2 Translocations
 + Level 5.2(6.0) Transmutations
 + Level 5.2(6.0) Fire Magic
 + Level 8.9(9.8) Ice Magic
 + Level 5.2(6.0) Air Magic
 + Level 5.2(6.0) Earth Magic
 + Level 5.2(6.0) Poison Magic
 + Level 6.9 Invocations
 + Level 6.3 Evocations


You had 19 spell levels left.
You knew the following spells:

 Your Spells              Type           Power      Damage    Failure   Level
a - Freeze                Ice            100%       1d11      1%          1
b - Frozen Ramparts       Ice            86%        1d10      1%          3
c - Ozocubu's Armour      Ice            43%        N/A       1%          3
d - Searing Ray           Conj           52%        2d6       4%          2

Your spell library contained the following spells:

 Spells                   Type           Power      Damage    Failure   Level
 Magic Dart               Conj           100%       1d8       2%          1
 Ignite Poison            Fire/Tmut/Pois 29%        N/A       6%          3
 Conjure Flame            Conj/Fire      28%        6-21      7%          3
 Stone Arrow              Conj/Erth      56%        3d10      7%          3
 Hailstorm                Conj/Ice       35%        3d9       11%         4
 Animate Armour           Summ/Erth      56%        N/A       24%         4
 Sticky Flame             Conj/Fire      28%        2d5       24%         4
 Fulminant Prism          Conj/Hex       13%        3d9       28%         4
 Fireball                 Conj/Fire      14%        3d8       54%         5
 Starburst                Conj/Fire      14%        6d6       98%         6
 Ignition                 Fire           14%        3d6       100%        8
 Lehudib's Crystal Spear  Conj/Erth      14%        10d5      100%        8

Inventory:

Hand Weapons
 c - a +2 vorpal war axe {axe}
   (You took it off an orc on level 8 of the Dungeon)
 g - a +1 dagger of draining {short}
   (You found it on level 1 of the Dungeon)
 u - a +1 vorpal falchion {long}
   (You found it on level 4 of the Dungeon)
 M - a +0 trident of venom (weapon) {polearm}
   (You found it on level 5 of the Dungeon)
Missiles
 i - a curare-tipped dart {=fthrowing}
 j - 24 poisoned darts (quivered) {throwing}
 k - 115 stones {throwing}
 n - 2 javelins {throwing}
 W - 11 boomerangs {throwing}
Armour
 q - a +0 kite shield (worn)
   (You found it on level 1 of the Dungeon)
 y - an orb of guile
   (You found it on level 6 of the Dungeon)
 J - a +1 pair of boots (worn)
   (You found it on level 7 of the Dungeon)
 L - the cursed +2 pair of gloves of the Gnostic Sorrow (worn) {Elem, Melee}
   (You found it on level 6 of the Dungeon)

   It has a curse which improves the following skills: Elements: Fire Magic, Ice
   Magic, Air Magic and Earth Magic.
   Melee Combat: Short Blades, Long Blades, Axes, Maces & Flails, Polearms,
   Staves and Unarmed Combat.
 T - a +0 cloak
   (You found it on level 6 of the Dungeon)
 U - a +0 leather armour
   (You took it off an orc on level 6 of the Dungeon)
 V - a +0 troll leather armour
   (You found it on level 10 of the Dungeon)
 X - a scarf of invisibility (worn)
   (You found it on level 9 of the Dungeon)
 Y - a +1 robe of resistance (worn)
   (You took it off an orc wizard on level 6 of the Dungeon)
 Z - a +0 helmet (worn)
   (You found it on level 10 of the Dungeon)
Magical Staves
 H - a staff of conjuration {!a@e2staff}
   (You took it off a hobgoblin on level 3 of the Dungeon)
Jewellery
 f - the cursed ring of Ashenzari's Doubts (left hand) {SInv, Alch, Self}
   (You found it on level 1 of the Dungeon)

   [ring of see invisible]

   SInv:      It lets you see invisible.
   It has a curse which improves the following skills: Alchemy: Poison Magic and
   Transmutations.
   Introspection: Fighting and Spellcasting.
 l - an amulet of the acrobat (around neck)
   (You found it on level 6 of the Dungeon)
 S - a ring of willpower (right hand)
   (You found it on level 7 of the Dungeon)
Wands
 G - a wand of mindburst (5)
   (You found it on level 6 of the Dungeon)
 N - a wand of flame (8)
   (You found it on level 8 of the Dungeon)
 O - a wand of digging (9)
   (You found it on level 5 of the Dungeon)
Scrolls
 h - 3 scrolls of teleportation {@r4}
 m - a scroll of silence {!r}
 r - a scroll of poison {!r}
 v - a scroll of fear
 w - 3 scrolls of enchant armour
 x - a scroll of vulnerability {!r!r}
 C - 3 scrolls of noise {!r}
 D - 3 scrolls of enchant weapon
 E - a scroll of immolation {!r!r}
 P - a scroll of blinking {!r}
 Q - a scroll of magic mapping {!r}
 R - 5 scrolls of identify {@r1}
Potions
 a - 2 potions of resistance
 b - 2 potions of magic
 d - a potion of cancellation
 e - 4 potions of haste {@q3}
 o - 2 potions of might
 s - 7 potions of curing {@q1}
 t - 2 potions of heal wounds {@q2}
 z - 2 potions of ambrosia
 A - 5 potions of lignification {!q}
 B - 2 potions of berserk rage {!q}
 F - 3 potions of flight
 I - 3 potions of attraction {!q}
 K - 4 potions of degeneration {!q@e2}

Dungeon Overview and Level Annotations

Branches:
Dungeon (10/15) Zot: 26098  Temple (0/1) D:7            Lair (0/5) D:10
  Sewer (visited)
    Orc: D:9-12

Altars:
Ashenzari
Elyvilon
Fedhas
Hepliaklqana
Makhleb
Okawaru
Sif Muna
Trog
Vehumet
Xom
Yredelemnul
Zin

Shops:
D:5 =   D:8 (

Annotations:
D:3 2 transporters
D:7 3 runed translucent doors, Selrock's ghost, novice TrMo

#####..###
##.......### ###
##...........
##............
##...≈...≈≈...≈
##.....≈≈≈≈≈.≈.≈
##...#..≈≈≈≈≈.≈.≈
##...##...≈≈≈≈.≈≈≈
##...###.≈..≈≈≈.≈≈≈
#.@.## #..≈≈.≈≈.≈≈≈
#u### #..≈≈≈.≈..≈≈
#o.# #.≈≈≈≈.≈...≈
#.)..# #≈≈≈≈≈≈..≈.≈
#....# #≈≈≈≈≈≈....≈
#.....##≈≈≈≈≈..>.≈.
##....##≈≈≈≈≈≈....≈
∆ ....##≈≈≈≈≈.≈.≈.≈
##..##≈≈≈≈≈≈≈≈≈≈≈


You could see a cyan ugly thing (poisoned) and an orc warrior.


Message History

Unknown command.
You closely miss the electric eel.
The electric eel shoots out a bolt of lightning at you!
The bolt of electricity misses you.
You miss the electric eel. You bite the electric eel.
The electric eel shoots out a bolt of lightning at you!
The bolt of electricity hits you!
* * * LOW HITPOINT WARNING * * *
You hit the electric eel.
The electric eel looks more healthy. 😨 HP[-14]
You take 14 damage, and now have 39/84 hp.
You puncture the electric eel!
You kill the electric eel!
You enter the shallow water.
Moving in this stuff is going to be slow. 😨 HP[+1] Key pressed, stopping explore.
Key pressed, stopping explore.
Key pressed, stopping explore.
Key pressed, stopping explore.
Key pressed, stopping explore.
An orc comes into view. It is wielding a +0 hand axe. 😎 HP[+44]
Your hp is fully restored (84).
An orc is nearby!
An orc is nearby!
An orc is nearby!
An orc is nearby!
A cyan ugly thing, an orc warrior and 2 orcs come into view.
The orc warrior is wielding a +0 hand axe of electrocution.
The orc shouts! x2; The orc warrior shouts!
The orc shouts!
You hit the orc but do no damage.
The orc is poisoned.
Your bite misses the orc. You block the orc's attack.
The orc throws a boomerang.
The boomerang closely misses you.
You puncture the orc!
You kill the orc!
You hit the cyan ugly thing.
The cyan ugly thing is poisoned.
Your bite misses the cyan ugly thing. The cyan ugly thing tentacle-slaps you!
The cyan ugly thing shocks you! The orc completely misses you.
The orc warrior hits you with a +0 hand axe of electrocution! 😮 HP[-36]
You take 36 damage, and now have 48/84 hp.
MASSIVE DAMAGE!! (PAUSE)
The orc warrior attacks as you move away!
You block the orc warrior's attack. The orc barely misses you.
The orc attacks as you move away! You block the orc's attack. 😮 HP[+1]
Casting: Frozen Ramparts (safe; 1% risk of failure)
Confirm with . or Enter, or press ? or * to list all spells.
Casting: Frozen Ramparts (safe; 1% risk of failure)
Press: ? - help, Dir - look around, f - activate The walls around you are covered in ice.
The wall freezes the cyan ugly thing.
The cyan ugly thing tentacle-slaps you but does no damage.
The wall freezes the orc.
The wall freezes the orc warrior. 😮 MP[-3]
You lost 3 mp, and now have 21/24 mp.
Casting: Frozen Ramparts (safe; 1% risk of failure)
Confirm with . or Enter, or press ? or * to list all spells.
Aiming: Searing Ray (safe; 4% risk of failure)
Press: ? - help, Shift-Dir - straight line The searing ray hits the cyan ugly thing.
The searing ray hits the orc.
You kill the orc! (Press . to maintain the ray.)
The wall freezes the cyan ugly thing!
The cyan ugly thing tentacle-slaps you!
* * * LOW HITPOINT WARNING * * *
The cyan ugly thing shocks you!
* * * LOW HITPOINT WARNING * * *
😨 HP[-27] MP[-2]
You take 27 damage, and now have 22/84 hp.
MASSIVE DAMAGE!! (PAUSE)
You lost 2 mp, and now have 19/24 mp.
The searing ray hits the cyan ugly thing!
The searing ray hits the orc.
The wall freezes the cyan ugly thing.
The cyan ugly thing completely misses you.
The wall freezes the orc.
You kill the orc! 😨 MP[-1]
You lost 1 mp, and now have 18/24 mp.
The searing ray hits the cyan ugly thing!
The searing ray hits the orc warrior!
The wall freezes the cyan ugly thing.
The cyan ugly thing completely misses you.
The wall freezes the orc warrior. 😨 HP[+1] MP[-1]
You lost 1 mp, and now have 17/24 mp.
The searing ray hits the cyan ugly thing.
You finish channelling your searing ray.
The wall freezes the cyan ugly thing.
You block the cyan ugly thing's attack.
Casting: Searing Ray (safe; 4% risk of failure)
Confirm with . or Enter, or press ? or * to list all spells.
Aiming: Searing Ray (safe; 4% risk of failure)
Press: ? - help, Shift-Dir - straight line The searing ray hits the cyan ugly thing.
The searing ray hits the orc warrior. (Press . to maintain the ray.)
The wall freezes the cyan ugly thing.
The cyan ugly thing tentacle-slaps you!
* * * LOW HITPOINT WARNING * * *
The cyan ugly thing shocks you!
You die...

Skill      XL: |  1  2  3  4  5  6  7  8  9 10 11 |
---------------+----------------------------------+-----
Spellcasting   | 5 6 7 8 |  8.1
Invocations    | 1 2 3 4 5 6 |  6.9
Fighting       | 1 2 3 5 6 |  6.3
Short Blades   | 1 2 3 5 6 |  6.3
Long Blades    | 1 2 3 5 6 |  6.3
Axes           | 1 2 3 5 6 |  6.3
Maces & Flails | 1 2 3 5 6 |  6.3
Polearms       | 1 2 3 5 6 |  6.3
Staves         | 1 2 3 5 6 |  6.3
Ranged Weapons | 1 2 3 5 6 |  6.3
Throwing       | 1 2 3 5 6 |  6.3
Armour         | 1 2 3 5 6 |  6.3
Shields        | 1 2 3 5 6 |  6.3
Unarmed Combat | 1 2 3 5 6 |  6.3
Evocations     | 1 2 3 5 6 |  6.3
Conjurations   | 1 2 3 4 5 |  5.2
Hexes          | 1 2 3 4 5 |  5.2
Summonings     | 1 2 3 4 5 |  5.2
Necromancy     | 1 2 3 4 5 |  5.2
Translocations | 1 2 3 4 5 |  5.2
Transmutations | 1 2 3 4 5 |  5.2
Fire Magic     | 1 2 3 4 5 |  5.2
Air Magic      | 1 2 3 4 5 |  5.2
Earth Magic    | 1 2 3 4 5 |  5.2
Poison Magic   | 1 2 3 4 5 |  5.2
Dodging        | 5 6 7 |  7.9
Stealth        | 5 6 7 |  7.6
Ice Magic      | 8 |  8.9

Action                   |  1- 3 |  4- 6 |  7- 9 | 10-12 || total
-------------------------+-------+-------+-------+-------++-------
Melee: Unarmed           |    14 |       |       |       ||    14
       Whip              |    11 |       |       |       ||    11
       Bite              |    11 |    12 |    36 |    22 ||    81
       Dagger            |    67 |    87 |       |       ||   154
       Punch             |     1 |       |       |       ||     1
       Falchion          |       |    35 |       |       ||    35
       Trident           |       |       |   324 |   244 ||   568
Throw: Dart              |       |       |     4 |     6 ||    10
 Cast: Frozen Ramparts   |     1 |     8 |    15 |    10 ||    34
       Ozocubu's Armour  |       |     1 |     8 |     4 ||    13
       Freeze            |       |       |     1 |     1 ||     2
       Searing Ray       |       |       |       |     7 ||     7
Invok: Curse Item        |       |       |     1 |     1 ||     2
Evoke: Wand              |       |       |       |     2 ||     2
  Use: Potion            |       |       |     2 |       ||     2
       Scroll            |       |       |    10 |       ||    10
 Stab: Sleeping          |     8 |     6 |    24 |     6 ||    44
       Distracted        |     1 |       |       |       ||     1
Armor: Robe              |     7 |    14 |    86 |    57 ||   164
Dodge: Dodged            |    48 |    48 |   200 |   139 ||   435
Block: Kite shield       |    19 |    53 |   184 |   125 ||   381

Levels and vault maps discovered:
D:1:      wander_arrival_estate, layout_basic,
          shapermc_ecumenical_altar_mp_highgroup
D:2:      layout_loops_ring, basic_altar
D:3:      layout_rooms, mainiacjoe_overflow_brackets,
          gammafunk_temple_overflow_arena, serial_park_tiny_2
D:4:      layout_rooms, lemuel_crystal_altar, kennysheep_generic_room_6
D:5:      layout_gridville, mainiacjoe_overflow_chevrons, serial_shops,
          nicolae_shop_crystal, uniq_sigmund, uniq_duvessa
D:6:      layout_gridville, portal_sewer_entry_a, uniq_pikel
D:7:      layout_cave_pools, kennysheep_mini_moat, minmay_temple_entry_fiery,
          gammafunk_ghost_nasty_kobolds
D:8:      minmay_spotlight, layout_basic, okawaru_altar_gauntlet_db,
          marbit_many_paths, mainiacjoe_overflow_boulevard, serial_shops, shop,
          uniq_joseph
D:9:      layout_gridville
D:10:     minmay_opposing_rooms, layout_layer_cave, cheibriados_altar_1,
          zin_scriptorium, mainiacjoe_overflow_alcove_2, erik_lair_island

Notes
Turn   | Place    | Note
-------+----------+-------------------------------------------
     0 | D:1      | mcwallace the Gnoll Ice Elementalist began the quest for
                  | the Orb.
     0 | D:1      | Reached XP level 1. HP: 13/13 MP: 6/6
     0 | D:1      | magus.rc [v1.9.6]
   420 | D:1      | Found a faded altar of an unknown god.
   550 | D:1      | Reached XP level 2. HP: 19/19 MP: 7/7
  1211 | D:2      | Reached skill level 5 in Spellcasting
  1211 | D:2      | Reached XP level 3. HP: 15/25 MP: 7/9
  1241 | D:2      | Learned a level 3 spell: Frozen Ramparts
  1477 | D:2      | Reached skill level 1 in Invocations
  1495 | D:2      | Found a shimmering blue altar of Sif Muna.
  1706 | D:2      | Reached skill level 1 in Fighting
  1706 | D:2      | Reached skill level 1 in Short Blades
  1706 | D:2      | Reached skill level 1 in Long Blades
  1706 | D:2      | Reached skill level 1 in Axes
  1706 | D:2      | Reached skill level 1 in Maces & Flails
  1706 | D:2      | Reached skill level 1 in Polearms
  1706 | D:2      | Reached skill level 1 in Staves
  1706 | D:2      | Reached skill level 1 in Ranged Weapons
  1706 | D:2      | Reached skill level 1 in Throwing
  1706 | D:2      | Reached skill level 1 in Armour
  1706 | D:2      | Reached skill level 1 in Shields
  1706 | D:2      | Reached skill level 1 in Unarmed Combat
  1706 | D:2      | Reached skill level 1 in Evocations
  2023 | D:2      | Reached XP level 4. HP: 14/32 MP: 7/11
  2506 | D:3      | You pick up a book of Fire and begin reading...
  2506 | D:3      | You add the spells Fireball, Starburst and Ignition to your
                  | library.
  2557 | D:3      | Noticed a scorpion
  2557 | D:3      | Noticed a phantom
  2559 | D:3      | Found a transporter.
  2579 | D:3      | Found a blossoming altar of Fedhas.
  2580 | D:3      | Found a burning altar of Makhleb.
  2601 | D:3      | Reached skill level 1 in Conjurations
  2601 | D:3      | Reached skill level 1 in Hexes
  2601 | D:3      | Reached skill level 1 in Summonings
  2601 | D:3      | Reached skill level 1 in Necromancy
  2601 | D:3      | Reached skill level 1 in Translocations
  2601 | D:3      | Reached skill level 1 in Transmutations
  2601 | D:3      | Reached skill level 1 in Fire Magic
  2601 | D:3      | Reached skill level 1 in Air Magic
  2601 | D:3      | Reached skill level 1 in Earth Magic
  2601 | D:3      | Reached skill level 1 in Poison Magic
  2942 | D:3      | Found a hazy altar of Hepliaklqana.
  2966 | D:3      | Reached XP level 5. HP: 34/37 MP: 12/12
  3074 | D:3      | Found a transporter.
  3159 | D:3      | You pick up a book of Conjurations {@e2} and begin
                  | reading...
  3159 | D:3      | You add the spells Magic Dart, Searing Ray and Fulminant
                  | Prism to your library.
  3184 | D:3      | Learned a level 3 spell: Ozocubu's Armour
  3563 | D:4      | Found a broken altar of Ashenzari.
  3579 | D:4      | Became a worshipper of Ashenzari the Shackled
  4030 | D:4      | Reached skill level 2 in Invocations
  4350 | D:5      | Entered Level 5 of the Dungeon
  4371 | D:5      | Found a white marble altar of Elyvilon.
  4392 | D:5      | Reached XP level 6. HP: 15/44 MP: 10/14
  4598 | D:5      | Reached skill level 2 in Fighting
  4598 | D:5      | Reached skill level 2 in Short Blades
  4598 | D:5      | Reached skill level 2 in Long Blades
  4598 | D:5      | Reached skill level 2 in Axes
  4598 | D:5      | Reached skill level 2 in Maces & Flails
  4598 | D:5      | Reached skill level 2 in Polearms
  4598 | D:5      | Reached skill level 2 in Staves
  4598 | D:5      | Reached skill level 2 in Ranged Weapons
  4598 | D:5      | Reached skill level 2 in Throwing
  4598 | D:5      | Reached skill level 2 in Armour
  4598 | D:5      | Reached skill level 5 in Dodging
  4598 | D:5      | Reached skill level 2 in Shields
  4598 | D:5      | Reached skill level 2 in Unarmed Combat
  4598 | D:5      | Reached skill level 2 in Evocations
  4621 | D:5      | Noticed Sigmund
  4640 | D:5      | Killed Sigmund
  4661 | D:5      | Reached XP level 7. HP: 17/51 MP: 3/15
  4936 | D:5      | Noticed Dowan
  4937 | D:5      | Noticed Duvessa
  4949 | D:5      | Killed Dowan
  4950 | D:5      | Reached skill level 2 in Conjurations
  4950 | D:5      | Reached skill level 2 in Hexes
  4950 | D:5      | Reached skill level 2 in Summonings
  4950 | D:5      | Reached skill level 2 in Necromancy
  4950 | D:5      | Reached skill level 2 in Translocations
  4950 | D:5      | Reached skill level 2 in Transmutations
  4950 | D:5      | Reached skill level 2 in Fire Magic
  4950 | D:5      | Reached skill level 2 in Air Magic
  4950 | D:5      | Reached skill level 2 in Earth Magic
  4950 | D:5      | Reached skill level 2 in Poison Magic
  4951 | D:5      | HP: 1/51 [Duvessa/+0 rapier (17)]
  4952 | D:5      | Killed Duvessa
  4953 | D:5      | Reached skill level 5 in Stealth
  5370 | D:5      | Reached skill level 3 in Invocations
  5503 | D:5      | HP: 7/51 [orc priest/divine providence (10)]
  5900 | D:5      | Found Vetesiqi's Jewellery Shop.
  6125 | D:5      | Reached skill level 3 in Fighting
  6125 | D:5      | Reached skill level 3 in Short Blades
  6125 | D:5      | Reached skill level 3 in Long Blades
  6125 | D:5      | Reached skill level 3 in Axes
  6125 | D:5      | Reached skill level 3 in Maces & Flails
  6125 | D:5      | Reached skill level 3 in Polearms
  6125 | D:5      | Reached skill level 3 in Staves
  6125 | D:5      | Reached skill level 3 in Ranged Weapons
  6125 | D:5      | Reached skill level 3 in Throwing
  6125 | D:5      | Reached skill level 3 in Armour
  6125 | D:5      | Reached skill level 3 in Shields
  6125 | D:5      | Reached skill level 3 in Unarmed Combat
  6125 | D:5      | Reached skill level 3 in Evocations
  6125 | D:5      | Reached XP level 8. HP: 40/58 MP: 10/17
  6599 | D:6      | Noticed Pikel
  6817 | D:5      | Reached skill level 6 in Spellcasting
  6822 | D:5      | Killed Pikel
  6823 | D:5      | Reached skill level 6 in Dodging
  6823 | D:5      | Reached skill level 3 in Conjurations
  6823 | D:5      | Reached skill level 3 in Hexes
  6823 | D:5      | Reached skill level 3 in Summonings
  6823 | D:5      | Reached skill level 3 in Necromancy
  6823 | D:5      | Reached skill level 3 in Translocations
  6823 | D:5      | Reached skill level 3 in Transmutations
  6823 | D:5      | Reached skill level 3 in Fire Magic
  6823 | D:5      | Reached skill level 3 in Air Magic
  6823 | D:5      | Reached skill level 3 in Earth Magic
  6823 | D:5      | Reached skill level 3 in Poison Magic
  6823 | D:5      | Reached skill level 4 in Invocations
  6935 | D:6      | Found a glowing drain.
  6950 | Sewer    | Entered a sewer
  7275 | Sewer    | Reached XP level 9. HP: 62/65 MP: 19/19
  7458 | Sewer    | Identified a scroll of acquirement
  7460 | Sewer    | Acquired 1125 gold pieces
  7624 | D:6      | Reached skill level 4 in Fighting
  7624 | D:6      | Reached skill level 4 in Short Blades
  7624 | D:6      | Reached skill level 4 in Long Blades
  7624 | D:6      | Reached skill level 4 in Axes
  7624 | D:6      | Reached skill level 4 in Maces & Flails
  7624 | D:6      | Reached skill level 4 in Polearms
  7624 | D:6      | Reached skill level 4 in Staves
  7624 | D:6      | Reached skill level 4 in Ranged Weapons
  7624 | D:6      | Reached skill level 4 in Throwing
  7624 | D:6      | Reached skill level 4 in Armour
  7624 | D:6      | Reached skill level 4 in Shields
  7624 | D:6      | Reached skill level 4 in Unarmed Combat
  7624 | D:6      | Reached skill level 4 in Evocations
  7991 | D:6      | Reached skill level 6 in Stealth
  7991 | D:6      | Reached skill level 8 in Ice Magic
  8672 | D:7      | Reached skill level 5 in Invocations
  9213 | D:7      | Found a shimmering altar of Xom.
  9248 | D:7      | Found a staircase to the Ecumenical Temple.
  9305 | D:7      | Found a runed translucent gate.
  9306 | D:7      | Found a runed translucent gate.
  9307 | D:7      | Found a runed translucent gate.
  9307 | D:7      | Noticed Selrock's ghost (novice TrMo)
  9329 | D:7      | Reached skill level 7 in Spellcasting
  9650 | D:8      | Reached skill level 4 in Conjurations
  9650 | D:8      | Reached skill level 4 in Hexes
  9650 | D:8      | Reached skill level 4 in Summonings
  9650 | D:8      | Reached skill level 4 in Necromancy
  9650 | D:8      | Reached skill level 4 in Translocations
  9650 | D:8      | Reached skill level 4 in Transmutations
  9650 | D:8      | Reached skill level 4 in Fire Magic
  9650 | D:8      | Reached skill level 4 in Air Magic
  9650 | D:8      | Reached skill level 4 in Earth Magic
  9650 | D:8      | Reached skill level 4 in Poison Magic
  9852 | D:8      | Found a bloodstained altar of Trog.
  9971 | D:8      | Reached skill level 5 in Fighting
  9971 | D:8      | Reached skill level 5 in Short Blades
  9971 | D:8      | Reached skill level 5 in Long Blades
  9971 | D:8      | Reached skill level 5 in Axes
  9971 | D:8      | Reached skill level 5 in Maces & Flails
  9971 | D:8      | Reached skill level 5 in Polearms
  9971 | D:8      | Reached skill level 5 in Staves
  9971 | D:8      | Reached skill level 5 in Ranged Weapons
  9971 | D:8      | Reached skill level 5 in Throwing
  9971 | D:8      | Reached skill level 5 in Armour
  9971 | D:8      | Reached skill level 5 in Shields
  9971 | D:8      | Reached skill level 5 in Unarmed Combat
  9971 | D:8      | Reached skill level 5 in Evocations
  9971 | D:8      | Reached XP level 10. HP: 25/74 MP: 19/21
 10313 | D:8      | You pick up a book of Armaments and begin reading...
 10313 | D:8      | You add the spells Stone Arrow, Animate Armour and
                  | Lehudib's Crystal Spear to your library.
 10336 | D:8      | Found a radiant altar of Vehumet.
 10433 | D:8      | Found an iron altar of Okawaru.
 10591 | D:8      | Noticed Joseph
 10616 | D:8      | Killed Joseph
 10617 | D:8      | Reached skill level 7 in Dodging
 10730 | D:8      | Noticed a two-headed ogre
 10743 | D:8      | Killed a two-headed ogre
 11009 | D:8      | Found Geugot's Weapon Emporium.
 11133 | D:9      | Reached skill level 6 in Invocations
 11296 | D:9      | Reached skill level 7 in Stealth
 11382 | D:9      | Noticed a two-headed ogre
 11404 | D:9      | Killed a two-headed ogre
 11926 | D:9      | Reached * piety under Ashenzari
 12342 | D:9      | HP: 15/75 [wraith (10)]
 12348 | D:9      | Learned a level 2 spell: Searing Ray
 12680 | D:9      | Reached skill level 6 in Fighting
 12680 | D:9      | Reached skill level 6 in Short Blades
 12680 | D:9      | Reached skill level 6 in Long Blades
 12680 | D:9      | Reached skill level 6 in Axes
 12680 | D:9      | Reached skill level 6 in Maces & Flails
 12680 | D:9      | Reached skill level 6 in Polearms
 12680 | D:9      | Reached skill level 6 in Staves
 12680 | D:9      | Reached skill level 6 in Ranged Weapons
 12680 | D:9      | Reached skill level 6 in Throwing
 12680 | D:9      | Reached skill level 6 in Armour
 12680 | D:9      | Reached skill level 6 in Shields
 12680 | D:9      | Reached skill level 6 in Unarmed Combat
 12680 | D:9      | Reached skill level 6 in Evocations
 12703 | D:9      | Reached skill level 5 in Conjurations
 12703 | D:9      | Reached skill level 5 in Hexes
 12703 | D:9      | Reached skill level 5 in Summonings
 12703 | D:9      | Reached skill level 5 in Necromancy
 12703 | D:9      | Reached skill level 5 in Translocations
 12703 | D:9      | Reached skill level 5 in Transmutations
 12703 | D:9      | Reached skill level 5 in Fire Magic
 12703 | D:9      | Reached skill level 5 in Air Magic
 12703 | D:9      | Reached skill level 5 in Earth Magic
 12703 | D:9      | Reached skill level 5 in Poison Magic
 12707 | D:9      | Reached XP level 11. HP: 32/81 MP: 3/23
 13002 | D:10     | Entered Level 10 of the Dungeon
 13050 | D:10     | Reached skill level 8 in Spellcasting
 13220 | D:10     | Noticed a two-headed ogre
 13226 | D:10     | Killed a two-headed ogre
 13340 | D:10     | Found a staircase to the Lair.
 13423 | D:10     | Found a basalt altar of Yredelemnul.
 13611 | D:10     | You add the spells Conjure Flame, Ignite Poison and Sticky
                  | Flame to your library.
 13635 | D:10     | Found a glowing silver altar of Zin.
 13883 | D:10     | Noticed a cyan ugly thing
 13895 | D:10     | HP: 13/84 [cyan ugly thing (10)]
 13895 | D:10     | Slain by a cyan ugly thing

Vanquished Creatures
  3 two-headed ogres
  Pikel (D:5)
  Joseph (D:8)
  A troll (D:10)
  Sigmund (D:5)
  A wraith (D:9)
  A steam dragon (D:7)
  3 yaks (D:9)
  Duvessa (D:5)
  An acid dragon (D:8)
  A sky beast (D:5)
  2 orc warriors
  3 black bears
  2 ogres
  A wolf (D:10)
  2 lemures (D:5)
  5 centaurs
  A phantom (D:7)
  4 kobold brigands
  3 bullfrogs
  3 scorpions
  7 wights (D:9)
  Dowan (D:5)
  An electric eel (D:10)
  4 howler monkeys
  2 gnoll boudas
  2 jellies (D:6)
  8 orc priests
  9 hounds
  5 iguanas
  10 orc wizards
  9 gnolls
  8 adders
  5 river rats
  A white imp (D:7)
  3 worms
  3 dart slugs
  42 orcs
  6 endoplasms
  6 giant cockroaches
  12 goblins
  7 hobgoblins
  8 jackals
  15 kobolds
  3 quokkas
  14 ball pythons
  3 bats
  5 frilled lizards
  17 rats
257 creatures vanquished.

Vanquished Creatures (others)
  A fungus (D:7)
  3 plants (D:7)
4 creatures vanquished.

Grand Total: 261 creatures vanquished

Table legend:
 A = Non-vault XP
 B = Vault XP
 C = Vault XP percentage of total XP
 D = Non-vault monster count
 E = Vault monster count
 F = Vault count percentage of total count
                 A         B        C        D         E       F
            +---------+---------+-------+---------+---------+-------
      Total |    8490 |    2530 |  23.0 |     203 |      52 |  20.4
            +---------+---------+-------+---------+---------+-------
        D:1 |      25 |       0 |   0.0 |      14 |       0 |   0.0
        D:2 |      74 |       0 |   0.0 |      23 |       0 |   0.0
        D:3 |     113 |       0 |   0.0 |      21 |       0 |   0.0
        D:4 |      82 |       2 |   2.4 |      16 |       1 |   5.9
        D:5 |     873 |    1081 |  55.3 |      25 |       7 |  21.9
        D:6 |     738 |       5 |   0.7 |      20 |       4 |  16.7
        D:7 |    1086 |       0 |   0.0 |      19 |       0 |   0.0
        D:8 |    1520 |     665 |  30.4 |      20 |      11 |  35.5
        D:9 |    3007 |       0 |   0.0 |      35 |       0 |   0.0
       D:10 |     972 |     693 |  41.6 |      10 |       8 |  44.4
      Sewer |       0 |      84 | 100.0 |       0 |      21 | 100.0
            +---------+---------+-------+---------+---------+-------

Illustrated notes

Table legend:
 A = Kills in this place as a percentage of kills in entire the game.
 B = Kills by you in this place as a percentage of kills by you in the entire game.
 C = Kills by friends in this place as a percentage of kills by friends in the entire game.
 D = Other kills in this place as a percentage of other kills in the entire game.
 E = Experience gained in this place as a percentage of experience gained in the entire game.
 F = Experience gained in this place divided by the number of levels of this place that you have seen.
                   A       B       C       D       E      F
               +-------+-------+-------+-------+-------+----------------------
         Total | 100.0 | 100.0 |   N/A |   N/A | 100.0 | 1001.8
       Dungeon |  91.8 |  91.8 |   N/A |   N/A |  99.2 | 1093.6
         Sewer |   8.2 |   8.2 |   N/A |   N/A |   0.8 |  84.0
               +-------+-------+-------+-------+-------+----------------------

Table legend: (Time is in decaauts)
 A = Elapsed time spent in this place.
 B = Non-inter-level travel time spent in this place.
 C = Inter-level travel time spent in this place.
 D = Time resting spent in this place.
 E = Time spent auto-exploring this place.
 F = Levels seen in this place.
 G = Mean time per level.
                   A        B        C        D        E       F      G
               +--------+--------+--------+--------+--------+-----+--------+
         Total |  14127 |  13863 |    264 |   1232 |  10220 |  11 | 1284.3 |
       Dungeon |  13523 |  13259 |    264 |   1076 |   9951 |  10 | 1352.3 |
         Sewer |    604 |    604 |      0 |    156 |    269 |   1 |  604.0 |
               +--------+--------+--------+--------+--------+-----+--------+

Top non-repeatable levels by time:
     D:5: 2224 daAuts
     D:9: 1815 daAuts
     D:8: 1695 daAuts
     D:2: 1654 daAuts
     D:4: 1170 daAuts
     D:1: 1121 daAuts
     D:7: 1080 daAuts
     D:6: 1075 daAuts
    D:10: 900 daAuts
     D:3: 787 daAuts
   Sewer: 604 daAuts
